 Dungeon Crawl Stone Soup version 0.29-a0-334-gb41bcbb86e (webtiles) character file.

Game seed: 10007382142346170963

236 jlumianski the Skirmisher (level 5, 0/42 HPs)
             Began as a Demonspawn Fighter on Apr 14, 2022.
             Slain by Duvessa
             ... wielding a +0 short sword
              (16 damage)
             ... on level 4 of the Dungeon.
             The game lasted 00:09:54 (2933 turns).

jlumianski the Skirmisher (Demonspawn Fighter)      Turns: 2933, Time: 00:09:54

Health: 0/42       AC: 13    Str: 19    XL:     5   Next: 77%
Magic:  5/5        EV:  7    Int:  9    God:
Gold:   208        SH:  5    Dex: 14    Spells: 4/4 levels left

rFire   . . .      SeeInvis .   a - +1 war axe
rCold   . . .      Faith    .   c - +0 buckler
rNeg    . . .      Spirit   .   r - +0 chain mail
rPois   +          Reflect  .   (no helmet)
rElec   .          Harm     .   t - +0 cloak
rCorr   .          Rampage  .   (no gloves)
Will    .....                   q - +2 pair of boots
Stlth   ..........              (no amulet)
HPRegen 0.14/turn               y - ring of poison resistance
MPRegen 0.09/turn               (no ring)

@: mighty
A: thin skeletal structure 1, demonic touch 1
a: no special abilities


You were on level 4 of the Dungeon.
You visited 1 branch of the dungeon, and saw 4 of its levels.

You collected 208 gold pieces.

Inventory:

Hand Weapons
 a - a +1 war axe (weapon)
 l - a +1 antimagic whip
Missiles
 e - a boomerang
 h - 77 stones (quivered)
Armour
 b - a +0 scale mail
 c - a +0 buckler (worn)
 q - a +2 pair of boots (worn)
 r - a +0 chain mail (worn)
 t - a +0 cloak (worn)
Jewellery
 y - a ring of poison resistance (left hand)
 A - an amulet of faith
Scrolls
 f - a scroll of fog
 i - a scroll of enchant armour
 m - 2 scrolls of enchant weapon
 o - a scroll of immolation
Potions
 g - 2 potions of lignification
 j - a potion of curing
 k - a potion of resistance
 n - a potion of brilliance
 p - 2 potions of cancellation
 s - a potion of heal wounds
 u - a potion of attraction {unknown}
 v - 2 potions of magic {unknown}
 w - a potion of invisibility {unknown}
 x - a potion of degeneration {unknown}
 z - a potion of flight {unknown}


   Skills:
 + Level 3.7 Fighting
 + Level 3.6 Axes
 + Level 3.5 Armour
 + Level 0.8 Dodging
 + Level 0.5 Stealth
 + Level 3.5 Shields


You had 4 spell levels left.
You didn't know any spells.
Your spell library contained the following spells:

 Spells                   Type           Power      Damage    Failure   Level
 Sting                    Tmut/Pois      0%         1d3       99%         1
 Poisonous Vapours        Pois/Air       0%         N/A       100%        2
 Cause Fear               Hex            0%         N/A       100%        4
 Olgreb's Toxic Radiance  Pois           0%         N/A       100%        4
 Dragon Form              Tmut           0%         N/A       100%        7
 Dragon's Call            Summ           0%         N/A       100%        9


Dungeon Overview and Level Annotations

Branches:
Dungeon (4/15)
 Temple: D:4-7

Altars:

Shops:
D:1 (   D:3 [

Annotations:
D:4 Duvessa


Innate Abilities, Weirdness & Mutations

You have a somewhat thin skeletal structure. (Dex +2, Stealth+)
Your touch may inflict minor irresistible damage on your foes.


Message History

Dowan mumbles some strange words.
Dowan blinks!
You hit the kobold.
You kill the kobold!
Duvessa says, "Did you see that move?
Perfect!"
You hit Dowan.
Dowan is moderately wounded.
Dowan hits you but does no damage.
You barely miss Duvessa. Duvessa hits you but does no damage.
Dowan attacks as you move away! Dowan closely misses you.
Dowan says, "My weaknesses are her strengths!"
Dowan attacks as you move away! Dowan hits you but does no damage.
Duvessa attacks as you move away! Duvessa hits you with a +0 short sword.
Dowan attacks as you move away! Dowan hits you but does no damage.
Dowan points at you and mumbles some strange words.
The puff of flame hits you. Duvessa attacks as you move away!
Duvessa hits you with a +0 short sword. Duvessa attacks as you move away!
Duvessa barely misses you.
You feel very mighty all of a sudden. Duvessa barely misses you.
You slash Duvessa!
Duvessa is moderately wounded.
You hit Dowan.
Dowan points at you and mumbles some strange words.
The puff of flame hits you. Duvessa hits you with a +0 short sword.
You closely miss Duvessa.
Duvessa is moderately wounded.
You slash Dowan! You block Dowan's attack. Duvessa hits you but does no damage.
Dowan hits you with a +2 dagger of speed.
You barely miss Duvessa.
Duvessa is moderately wounded.
You hit Dowan.
You kill Dowan!
Duvessa weeps, and shakes her weapon.
Duvessa goes berserk!
Duvessa hits you with a +0 short sword. Duvessa hits you but does no damage.
You slash Duvessa!
Duvessa is heavily wounded.
Duvessa hits you with a +0 short sword!
You die...

#......#
#......#
#...<..#
####....##
#..#....#
#.......#
#.......#
#.......#
##...@..#
##...e).#
#.......#
##...##.#
##...# .#
#....# ..
#....# ..
#....# ...
##...#


You could see Duvessa (berserk).

Vanquished Creatures
  Dowan (D:4)
  An orc priest (D:2)
  Natasha (thrice) (D:2)
  2 adders
  6 orcs
  8 bats
  4 endoplasms
  5 hobgoblins
  5 jackals (D:1)
  6 kobolds
  2 quokkas
  5 ball pythons
  5 frilled lizards
  5 goblins
  4 rats
62 creatures vanquished.

Vanquished Creatures (others)
  4 fungi (D:1)
  A plant (D:1)
5 creatures vanquished.

Grand Total: 67 creatures vanquished

Notes
Turn   | Place    | Note
-------+----------+-------------------------------------------
     0 | D:1      | jlumianski the Demonspawn Fighter began the quest for the
                  | Orb.
     0 | D:1      | Reached XP level 1. HP: 18/18 MP: 1/1
   179 | D:1      | Gained mutation: You have a somewhat thin skeletal
                  | structure. (Dex +2, Stealth+) [demonic ancestry]
   179 | D:1      | Reached XP level 2. HP: 24/24 MP: 2/2
   688 | D:1      | Gained mutation: Your touch may inflict minor irresistible
                  | damage on your foes. [demonic ancestry]
   688 | D:1      | Reached XP level 3. HP: 20/29 MP: 3/3
   857 | D:1      | Found Qeys's Antique Weapon Shoppe.
  1211 | D:1      | Found a faded altar of an unknown god.
  1489 | D:2      | Reached XP level 4. HP: 20/35 MP: 4/4
  1924 | D:2      | Noticed Natasha
  1929 | D:2      | Killed Natasha
  2015 | D:2      | Noticed Natasha
  2021 | D:2      | Killed Natasha
  2022 | D:2      | Reached XP level 5. HP: 39/41 MP: 5/5
  2220 | D:2      | Noticed Natasha
  2240 | D:2      | Killed Natasha
  2462 | D:4      | Noticed Duvessa
  2462 | D:4      | Noticed Dowan
  2819 | D:3      | Found Duneblyam's Armour Shoppe.
  2932 | D:4      | Killed Dowan
  2933 | D:4      | Slain by Duvessa

Illustrated notes

Levels and vault maps discovered:
D:1:      elethiomel_arrival_infinity_welcomes_careful_drivers, layout_basic,
          shapermc_ecumenical_altar_petra, serial_shops, shop
D:2:      layout_basic, kennysheep_nub, minmay_misc_feat_ornament,
          nrook_mini_backslash, uniq_natasha
D:3:      layout_rooms, serial_shops, shop_statue, kennysheep_pointless_box
D:4:      layout_gridville, uniq_ijyb, uniq_duvessa, uniq_crazy_yiuf_cottage,
          uniq_grinder

Skill      XL: |  1  2  3  4 |
---------------+-------------+-----
Axes           | 2 3 |  3.6
Shields        | 3 |  3.5
Armour         | 3 |  3.5
Fighting       | |  3.7
Dodging        | |  0.8
Stealth        | |  0.5

Action                   |  1- 3 |  4- 6 || total
-------------------------+-------+-------++-------
Melee: War axe           |   100 |    86 ||   186
  Use: Scroll            |     8 |     1 ||     9
       Potion            |       |     3 ||     3
 Stab: Sleeping          |     1 |       ||     1
Armor: Scale mail        |    70 |       ||    70
       Chain mail        |     9 |    63 ||    72
Dodge: Dodged            |    57 |    35 ||    92
Block: Buckler           |    35 |    17 ||    52

Table legend: (Time is in decaauts)
 A = Elapsed time spent in this place.
 B = Non-inter-level travel time spent in this place.
 C = Inter-level travel time spent in this place.
 D = Time resting spent in this place.
 E = Time spent auto-exploring this place.
 F = Levels seen in this place.
 G = Mean time per level.
                   A        B        C        D        E       F      G
               +--------+--------+--------+--------+--------+-----+--------+
         Total |   3014 |   2960 |     54 |     27 |   1849 |   4 |  753.5 |
       Dungeon |   3014 |   2960 |     54 |     27 |   1849 |   4 |  753.5 |
               +--------+--------+--------+--------+--------+-----+--------+

Top non-repeatable levels by time:
     D:1: 1377 daAuts
     D:2: 1033 daAuts
     D:3: 561 daAuts
     D:4: 42 daAuts
